 Dungeon Sprint DCSS version 0.30-a0-1161-g0704695555 (webtiles) character file.

Game seed: 14906228591901334088

27 sircluck the Chopper (level 3, -12/37 HPs)
             Began as a Hill Orc Berserker on Apr 27, 2023.
             Was a Follower of Trog.
             Mangled by an ogre
             ... wielding a +0 giant club
              (21 damage)
             ... in the Dungeon (Sprint I: "Red Sonja").
             The game lasted 00:00:24 (63 turns).

sircluck the Chopper (Hill Orc Berserker)             Turns: 63, Time: 00:00:25

Health: -12/37     AC:  2    Str: 21    XL:     3   Next: 10%
Magic:  3/3        EV: 12    Int:  7    God:    Trog [*.....]
Gold:   0          SH:  0    Dex: 10    Spells: 2/2 levels left

rFire   . . .        a - +0 hand axe
rCold   . . .        (no shield)
rNeg    . . .        b - +0 animal skin
rPois   .            (no helmet)
rElec   .            (no cloak)
rCorr   .            (no gloves)
SInv    .            (no boots)
Will    .....        (no amulet)
Stlth   +            (no ring)
HPRegen 0.26/turn    (no ring)
MPRegen 0.08/turn

%: no teleportation
@: no status effects
A: no striking features
a: Renounce Religion, Berserk


You were in the Dungeon.
You worshipped Trog.
Trog was aware of your devotion.
You visited 1 branch

Inventory:

Hand Weapons
 a - a +0 hand axe (weapon)
Armour
 b - a +0 animal skin (worn)
Wands
 i - a wand of charming (1)
Scrolls
 h - a scroll of blinking
Potions
 c - a potion of curing
 d - a potion of heal wounds
 e - a potion of haste
 f - 2 potions of magic
 g - a potion of berserk rage


   Skills:
 + Level 5.7 Fighting
 + Level 6.2 Axes
 + Level 3.0 Armour
 + Level 2.2 Dodging


You had 2 spell levels left.
You didn't know any spells.
Your spell library was empty.

Dungeon Overview and Level Annotations

Branches:
Dungeon (1/1)

Altars:


Message History

You feel your anger nearly subside.
You are no longer berserk.
You are exhausted.
You feel yourself slow down.
HP restored.
i - a wand of charming (3)
Things that are here:
a +0 club; a +0 ring mail; the goblin corpse of Ijyb You open the door.
An ogre comes into view. It is wielding a +0 giant club.
The ogre shouts!
As you close the door, it creaks loudly!
An ogre opens the door.
You hit the ogre.
The ogre is lightly wounded.
The ogre hits you with a +0 giant club!!!
Ouch! That really hurt!
* * * LOW HITPOINT WARNING * * *
You hit the ogre.
The ogre is lightly wounded.
The ogre closely misses you.
Unknown command.
Aiming: Charm
Press: ? - help, Q - select action Shift-Dir - straight line, f - ogre
Aim: an ogre, wielding a +0 giant club (lightly wounded, chance to affect: 49%)
The ogre is charmed.
You swap places.
There is an open door, spattered with blood here.
You start resting.
You feel yourself speed up.
You start resting.
You recover from your berserk rage.
You start resting.
The ogre is no longer charmed.
The ogre completely misses you.
Aiming: Charm
Press: ? - help, Q - select action Shift-Dir - straight line, f/p - ogre
Aim: an ogre, wielding a +0 giant club (lightly wounded, chance to affect: 49%)
The ogre resists with some effort.
The ogre hits you with a +0 giant club!!
Ouch! That really hurt!
You die...

##########
#<.#.O@..#
#..'..#..+
#..#####+#
#..# #..#
#..# #⌠⌠#
####


You could see an ogre.

Vanquished Creatures
  Ijyb (D)
1 creature vanquished.

Notes
Turn   | Place    | Note
-------+----------+-------------------------------------------
     0 | D        | sircluck the Hill Orc Berserker began the quest for the
                  | Orb.
     0 | D        | Reached XP level 1. HP: 19/19 MP: 1/1
     1 | D        | Noticed Ijyb
    11 | D        | Killed Ijyb
    12 | D        | Reached skill level 5 in Fighting
    12 | D        | Reached skill level 6 in Axes
    12 | D        | Reached XP level 2. HP: 30/30 MP: 2/2
    12 | D        | Reached XP level 3. HP: 37/37 MP: 3/3
    33 | D        | Noticed an ogre
    35 | D        | HP: 1/37 [ogre/+0 giant club (36)]
    63 | D        | Mangled by an ogre

Illustrated notes

Levels and vault maps discovered:
D:        dungeon_sprint_1 [red_sonja_temple_1, red_sonja_temple_small_1]

Skill      XL: |  1 |
---------------+----+-----
Fighting       | 5 |  5.7
Axes           | 6 |  6.2
Armour         | 3 |  3.0
Dodging        | 2 |  2.2

Action                     || total
---------------------------++-------
  Melee: Hand axe          ||     9
 Invoke: Berserk           ||     1
  Evoke: Wand              ||     2
  Dodge: Dodged            ||     4

Table legend: (Time is in decaauts)
 A = Elapsed time spent in this place.
 B = Non-inter-level travel time spent in this place.
 C = Inter-level travel time spent in this place.
 D = Time resting spent in this place.
 E = Time spent auto-exploring this place.
 F = Levels seen in this place.
 G = Mean time per level.
                   A        B        C        D        E       F      G
               +--------+--------+--------+--------+--------+-----+--------+
         Total |     71 |     71 |      0 |     25 |     25 |   1 |   71.0 |
       Dungeon |     71 |     71 |      0 |     25 |     25 |   1 |   71.0 |
               +--------+--------+--------+--------+--------+-----+--------+

Top non-repeatable levels by time:
       D: 71 daAuts
